 Dungeon Crawl Stone Soup version 0.27-a0-109-g416527ed24 (webtiles) character file.

Game seed: 6912865894421729967

9143 flappity the Fighter (level 11, -17/102 HPs)
             Began as a Minotaur Fighter on Jan 25, 2021.
             Demolished by Snorg (24 damage)
             ... on level 10 of the Dungeon.
             The game lasted 00:17:37 (9975 turns).

flappity the Fighter (Minotaur Fighter)             Turns: 9975, Time: 00:17:38

Health: -17/102    AC: 18    Str: 22    XL:     11   Next: 19%
Magic:  10/10      EV:  7    Int:  5    God:
Gold:   475        SH: 12    Dex: 12    Spells: 10/10 levels left

rFire    . . .     SeeInvis .   B - +8 demon trident "Rift" {distort, reach+}
rCold    + . .     Faith    .   c - +0 kite shield
rNeg     . . .     Spirit   .   I - +3 chain mail of Inviolability {rCorr}
rPois    .         Reflect  .   M - +0 hat
rElec    .         Harm     .   J - +2 cloak {Stlth+}
rCorr    +         Rampage  .   (no gloves)
Will     .....                  (no boots)
Stlth    ..........             (no amulet)
HPRegen  0.27/turn              E - ring of protection from cold
MPRegen  0.12/turn              (no ring)

@: hasted, very quick
A: retaliatory headbutt, horns 2
a: no special abilities


You were on level 10 of the Dungeon.
You visited 1 branch of the dungeon, and saw 10 of its levels.

You collected 519 gold pieces.
You spent 44 gold pieces at shops.


Innate Abilities, Weirdness & Mutations

You reflexively headbutt those who attack you in melee.
You have a pair of horns on your head.


   Skills:
 + Level 11.3 Fighting
 - Level 4.2(7.6) Axes
 + Level 9.9(10.4) Polearms
 - Level 2.9(6.9) Staves
 + Level 11.2 Armour
 - Level 9.9 Shields


You had 10 spell levels left.
You didn't know any spells.
Your spell library contained the following spells:

 Spells                   Type           Power        Failure   Level
 Magic Dart               Conj           0%           99%         1
 Searing Ray              Conj           0%           100%        2
 Dazzling Flash           Conj/Hex       0%           100%        3
 Fulminant Prism          Conj/Hex       0%           100%        4
 Iskenderun's Mystic Bla  Conj/Tloc      0%           100%        4

Inventory:

Hand Weapons
 B - the +8 demon trident "Rift" (weapon) {distort, reach+}
   (You found it on level 5 of the Dungeon)

   It warps and distorts space around it.
   Unwielding it can cause banishment or high damage.
Missiles
 l - 3 throwing nets (quivered)
Armour
 a - a +0 pair of gloves
 c - a +0 kite shield (worn)
 I - the +3 chain mail of Inviolability (worn) {rCorr}
   (You found it on level 6 of the Dungeon)

   It provides partial protection from all sources of acid and corrosion.
 J - a +2 cloak of stealth (worn)
   (You took it off Crazy Yiuf on level 6 of the Dungeon)
 M - a +0 hat (worn)
Jewellery
 n - an uncursed amulet of magic regeneration
 E - a ring of protection from cold (left hand)
Wands
 q - a wand of digging (4)
 z - a wand of disintegration (19)
 F - a wand of polymorph (4)
 H - a wand of paralysis (14)
Scrolls
 i - 2 scrolls of magic mapping
 m - 3 scrolls of blinking
 p - 4 scrolls of noise
 s - 6 scrolls of identify
 t - a scroll of teleportation
 v - 5 scrolls of remove curse
 w - a scroll of enchant armour {unknown}
 y - 3 scrolls of amnesia {unknown}
 C - a scroll of fog {unknown}
Potions
 d - 4 potions of might
 e - 2 potions of haste
 f - 3 potions of lignification
 g - 4 potions of curing
 h - 4 potions of attraction
 j - 3 potions of brilliance
 k - a potion of ambrosia {unknown}
 o - 2 potions of magic {unknown}
 u - 2 potions of flight {unknown}
 D - 3 potions of heal wounds {unknown}
 G - 2 potions of mutation {unknown}
 K - a potion of invisibility {unknown}
 L - a potion of degeneration {unknown}


Message History

No target in view!
No target in view!
No target in view!
No target in view!
No target in view!
p - 4 scrolls of noise (gained 1)
s - 6 scrolls of identify (gained 1)
You see here a flail.
A white imp comes into view.
The white imp shouts, "Scamper home, thou unhinged rude-growing vassal!"
You hear a shout!
A white imp is nearby!
You puncture the white imp!
You kill the white imp!
No target in view!
No target in view!
No target in view!
No target in view!
No target in view!
No target in view!
Snorg the Insatiable comes into view.
You hit Snorg.
Snorg is lightly wounded.
You hit Snorg.
Space warps horribly around Snorg!
Snorg is lightly wounded.
You puncture Snorg!
Space bends around Snorg.
Snorg is moderately wounded.
You puncture Snorg!
Space bends around Snorg.
Snorg is heavily wounded.
Snorg goes berserk!
You hit Snorg.
Snorg is heavily wounded.
Snorg barely misses you. x2; Snorg claws you.
You take 2 damage.
You barely miss Snorg. You headbutt Snorg.
Snorg is heavily wounded.
Snorg bites you! You block Snorg's attack. Snorg claws you!
You take 28 damage.
You closely miss Snorg. You headbutt Snorg.
Snorg is heavily wounded.
You block Snorg's attack. Snorg claws you! You block Snorg's attack.
Snorg bites you!! Snorg barely misses you. Snorg claws you!
You take 39 damage.
You are too injured to fight recklessly!
You feel yourself speed up. Snorg bites you! Snorg claws you!
Snorg barely misses you.
You take 26 damage.
As you read the scroll of fear, it crumbles to dust.
You assume a fearsome visage.
Snorg resists with some effort.
Snorg bites you!!
You die...

▒∙ ▒▒▒ ∙▒ ▒∙
∙∙∙▒▒▒▒∙▒▒▒ ▒∙
∙∙∙∙∙∙∙∙∙▒ ▒▒
∙▒∙∙∙∙∙∙▒
∙∙∙∙∙∙∙▒ ▒∙∙∙∙∙∙▒
▒∙T∙∙∙∙▒ ▒∙H∙▒
▒▒▒∙▒ ▒∙▒ ▒∙▒
▒∙▒▒▒▒▒▒▒▒▒▒▒▒▒▒▒
▒∙∙∙∙∙∙∙∙∙∙∙∙∙▒▒∙
▒▒▒▒▒▒▒▒▒▒▒▒▒∙▒▒∙
▒)▒▒∙ ▒∙∙∙∙


You could see Snorg (berserk).

Vanquished Creatures
  Erolcha (D:9)
  2 two-headed ogres (D:8)
  Pikel (D:5)
  A gargoyle (D:10)
  A hornet (D:9)
  A troll (D:10)
  Menkaure (D:5)
  5 orc warriors
  2 black bears
  2 ice beasts
  3 sky beasts
  4 phantoms
  3 wolves (D:10)
  An eye of draining (D:9)
  5 ogres
  A centaur (D:5)
  2 elf zombies (D:6)
  A big kobold (D:7)
  Blork the orc (D:5)
  4 bullfrogs
  A gnoll sergeant (D:6)
  An elf skeleton (D:6)
  3 scorpions (D:6)
  19 killer bees
  9 wights
  4 electric eels (D:10)
  7 hounds
  A bullfrog zombie (D:5)
  3 orc priests
  Crazy Yiuf (D:6)
  6 orc wizards
  A human skeleton (D:6)
  An iguana (D:5)
  Ijyb (D:3)
  7 worker ants
  2 killer bee zombies
  A hound zombie (D:7)
  A hound skeleton (D:5)
  Robin (D:4)
  7 gnolls
  12 adders
  A howler monkey skeleton (D:8)
  A shadow imp (D:8)
  3 white imps
  An ufetubus (D:6)
  An ooze (D:1)
  An adder zombie (D:9)
  2 adder skeletons (D:8)
  2 dart slugs
  2 worms
  4 leopard geckos
  18 orcs
  3 giant cockroaches
  7 goblins
  11 hobgoblins
  13 jackals
  7 quokkas
  A ball python (D:1)
  3 bats
  2 frilled lizards (D:1)
  11 kobolds
  2 orc skeletons (D:6)
  A quokka zombie (D:6)
  7 rats
235 creatures vanquished.

Notes
Turn   | Place    | Note
-------+----------+-------------------------------------------
     0 | D:1      | flappity the Minotaur Fighter began the quest for the Orb.
     0 | D:1      | Reached XP level 1. HP: 19/19 MP: 0/0
   121 | D:1      | Reached XP level 2. HP: 22/27 MP: 1/1
   628 | D:1      | Reached skill level 4 in Armour
   628 | D:1      | Reached skill level 4 in Shields
   629 | D:1      | Reached skill level 4 in Fighting
   932 | D:2      | Reached skill level 3 in Axes
   932 | D:2      | Reached XP level 3. HP: 18/33 MP: 2/2
   950 | D:2      | HP: 9/33 [poisoned by an adder]
   958 | D:2      | HP: 8/33 [poisoned by an adder]
  1237 | D:2      | Reached XP level 4. HP: 21/41 MP: 3/3
  1412 | D:2      | Found a faded altar of an unknown god.
  1917 | D:2      | Found a shimmering blue altar of Sif Muna.
  2428 | D:3      | Noticed Ijyb
  2428 | D:3      | Paralysed by Ijyb for 2 turns
  2436 | D:3      | Paralysed by Ijyb for 7 turns
  2449 | D:3      | Paralysed by Ijyb for 3 turns
  2459 | D:3      | Killed Ijyb
  2460 | D:3      | Reached XP level 5. HP: 45/47 MP: 4/4
  2490 | D:3      | Found a sacrificial altar of Ru.
  2654 | D:3      | Found a burning altar of Makhleb.
  2956 | D:4      | Noticed an ogre
  2959 | D:4      | Killed an ogre
  2960 | D:4      | Reached skill level 5 in Fighting
  2960 | D:4      | Reached skill level 4 in Axes
  2960 | D:4      | Reached skill level 5 in Armour
  2960 | D:4      | Reached skill level 5 in Shields
  3054 | D:4      | Reached XP level 6. HP: 50/56 MP: 5/5
  3057 | D:4      | Got a fading quarterstaff
  3061 | D:4      | Identified the +11 quarterstaff "Goblinbane" {holy, MP+9}
                  | (You found it on level 4 of the Dungeon)
  3282 | D:4      | Noticed Robin
  3290 | D:4      | Killed Robin
  3292 | D:4      | Reached skill level 1 in Staves
  3515 | D:4      | Got a bloodstained scale mail
  3516 | D:4      | Identified the +4 scale mail of Hepliaklqana's Envy {rC+}
                  | (You found it on level 4 of the Dungeon)
  3645 | D:4      | Reached skill level 2 in Staves
  3689 | D:4      | Found a broken altar of Ashenzari.
  3752 | D:5      | Entered Level 5 of the Dungeon
  3767 | D:5      | Noticed Blork the orc
  3776 | D:5      | Killed Blork the orc
  3843 | D:5      | Found the +8 demon trident "Rift" {distort, reach+}
  3845 | D:5      | Reached XP level 7. HP: 61/61 MP: 6/6
  3935 | D:5      | Reached skill level 1 in Polearms
  3992 | D:5      | Reached skill level 6 in Fighting
  3992 | D:5      | Reached skill level 6 in Armour
  3992 | D:5      | Reached skill level 6 in Shields
  4025 | D:5      | Found a hide-covered altar of Uskayaw.
  4076 | D:5      | Reached skill level 2 in Polearms
  4118 | D:5      | Noticed Pikel
  4244 | D:5      | Killed Pikel
  4245 | D:5      | Reached skill level 7 in Fighting
  4245 | D:5      | Reached skill level 3 in Polearms
  4245 | D:5      | Reached skill level 7 in Armour
  4245 | D:5      | Reached skill level 7 in Shields
  4245 | D:5      | Reached XP level 8. HP: 73/73 MP: 7/7
  4303 | D:5      | Noticed Menkaure
  4306 | D:5      | Killed Menkaure
  4307 | D:5      | Reached skill level 4 in Polearms
  4310 | D:5      | Found a bloodstained altar of Trog.
  4454 | D:5      | Found an opulent altar of Gozag.
  4795 | D:6      | Reached skill level 5 in Polearms
  4808 | D:6      | HP: 22/74 [poisoned by a scorpion]
  4815 | D:6      | HP: 20/74 [poisoned by a scorpion]
  4816 | D:6      | Reached XP level 9. HP: 17/81 MP: 8/8
  4821 | D:6      | HP: 16/81 [poisoned by a scorpion]
  4828 | D:6      | Got a brightly glowing chain mail
  4829 | D:6      | Identified the +3 chain mail of Inviolability {rCorr} (You
                  | found it on level 6 of the Dungeon)
  4830 | D:6      | HP: 15/81 [poisoned by a scorpion]
  4836 | D:6      | HP: 15/81 [poisoned by a scorpion]
  4841 | D:6      | HP: 15/81 [poisoned by a scorpion]
  4847 | D:6      | HP: 15/81 [poisoned by a scorpion]
  5168 | D:6      | Reached skill level 8 in Fighting
  5168 | D:6      | Reached skill level 8 in Shields
  5185 | D:6      | Reached skill level 8 in Armour
  5338 | D:6      | Found a white marble altar of Elyvilon.
  5449 | D:6      | Found a hazy altar of Hepliaklqana.
  5450 | D:6      | Found a snail-covered altar of Cheibriados.
  5450 | D:6      | Found a blossoming altar of Fedhas.
  5454 | D:6      | Found a glowing golden altar of the Shining One.
  5498 | D:6      | Found a runed translucent door.
  5499 | D:6      | Noticed Crazy Yiuf
  5676 | D:6      | Killed Crazy Yiuf
  5771 | D:7      | Reached skill level 6 in Polearms
  6120 | D:7      | Found a staircase to the Ecumenical Temple.
  6148 | D:7      | Reached skill level 9 in Fighting
  6148 | D:7      | Reached skill level 9 in Shields
  6188 | D:7      | Reached skill level 9 in Armour
  6199 | D:7      | Reached skill level 7 in Polearms
  6250 | D:7      | Found a flagged portal.
  6466 | D:7      | Reached XP level 10. HP: 70/91 MP: 9/9
  7142 | D:8      | Noticed a two-headed ogre
  7147 | D:8      | Killed a two-headed ogre
  7188 | D:8      | Reached skill level 8 in Polearms
  7338 | D:8      | Reached skill level 10 in Fighting
  7392 | D:8      | Noticed a two-headed ogre
  7397 | D:8      | Killed a two-headed ogre
  7398 | D:8      | Reached skill level 10 in Armour
  7460 | D:8      | Found Cachit's Armour Emporium.
  7465 | D:8      | Bought a +0 hat for 44 gold pieces
  7610 | D:8      | Found a glowing golden altar of the Shining One.
  8212 | D:9      | Noticed Erolcha
  8224 | D:9      | Killed Erolcha
  8225 | D:9      | Reached skill level 9 in Polearms
  8471 | D:9      | Reached XP level 11. HP: 101/101 MP: 10/10
  8487 | D:9      | Reached skill level 11 in Fighting
  8742 | D:9      | Found Afraprirph's Distillery.
  8817 | D:10     | Entered Level 10 of the Dungeon
  8831 | D:10     | Found a staircase to the Lair.
  8842 | D:10     | Reached skill level 11 in Armour
  9904 | D:10     | Found a snail-covered altar of Cheibriados.
  9966 | D:10     | Noticed Snorg
  9974 | D:10     | HP: 18/102 [Snorg (16)]
  9974 | D:10     | HP: 7/102 [Snorg (11)]
  9975 | D:10     | Demolished by Snorg

Levels and vault maps discovered:
D:1:      tarquinn_simple_flora_water_c, layout_basic, nrook_uturn,
          minmay_misc_feat_x, roderic_lattice_a, kennysheep_another_room
D:2:      layout_basic, lemuel_coloured_pillars_altar,
          chequers_ecumenical_altar_simple_redux
D:3:      layout_basic, lemuel_round_altar, lemuel_doored_altar, uniq_ijyb
D:4:      layout_rooms, kennysheep_mini, uniq_robin
D:5:      layout_rooms, nicolae_overflow_crystal_walls, old_standard_altar,
          general_overflow_altar, uniq_blork_the_orc, uniq_pikel, uniq_menkaure
D:6:      layout_rooms, nicolae_overflow_hidden_temple, lemuel_round_altar,
          minitemple, nicolae_ossuary_entry_catacombs,
          kennysheep_generic_room_2, uniq_crazy_yiuf_cottage
D:7:      layout_basic, minmay_temple_entry_grid, enter_bailey_2,
          grunt_decor_mini_mirrors
D:8:      layout_rooms, serial_shops, shop, nicolae_tso_carved_into_rock
D:9:      layout_basic, serial_shops, kennysheep_mini_moat,
          minmay_quadrilaterals, uniq_erolcha
D:10:     layout_basic, erik_lair_island, cheibriados_altar_1, uniq_snorg

Action                   |  1- 3 |  4- 6 |  7- 9 | 10-12 || total
-------------------------+-------+-------+-------+-------++-------
Melee: War axe           |    58 |    88 |       |       ||   146
       Headbutt          |     7 |    22 |    22 |    17 ||    68
       Quarterstaff      |       |    42 |     1 |       ||    43
       Demon trident     |       |       |   219 |   161 ||   380
       Unarmed           |       |       |     1 |       ||     1
  Use: Scroll            |       |    10 |     5 |     2 ||    17
       Potion            |       |       |     1 |     1 ||     2
Armor: Scale mail        |    24 |    39 |    31 |       ||    94
       Ring mail         |       |    26 |       |       ||    26
       Chain mail        |       |       |    47 |    20 ||    67
Dodge: Dodged            |    20 |    38 |    52 |    20 ||   130
Block: Kite shield       |    25 |    45 |       |    21 ||    91
